 Dungeon Sprint DCSS version 0.17-a0-1753-g75d4604 (webtiles) character file.

1260 Kidiri the Covert (level 8, -20/36 HPs)
             Began as a Spriggan Enchanter on Sept 2, 2015.
             Demolished by a kraken (33 damage)
             ... in the Dungeon (Sprint II: "The Violet Keep of Menkaure").
             The game lasted 00:07:23 (1330 turns).

Kidiri the Covert (Spriggan Enchanter)              Turns: 1330, Time: 00:07:24

Health: -20/36     AC:  3    Str:  4    XL:     8   Next: 27%
Magic:  23/23      EV: 28    Int: 17    God:
Gold:   72         SH:  0    Dex: 18    Spells: 8 memorised, 3 levels left

rFire  . . .     SeeInvis +     a - +1 dagger
rCold  . . .     Clarity  .     b - +1 robe
rNeg   . . .     SustAt   .     (shield restricted)
rPois  .         Gourm    .     (helmet restricted)
rElec  .         Spirit   .     (no cloak)
rCorr  .         Warding  .     (gloves unavailable)
rMut   .         NoTele   +     (boots unavailable)
MR     +....                    (no amulet)
Stlth  ++++++....               (no ring)
                                (no ring)

@: very quick, somewhat resistant to hostile enchantments, very stealthy
A: unfitting armour, see invisible, herbivore 3, speed 3, slow metabolism 2
a: no special abilities


You were in the Dungeon.
You were not hungry.

You visited 1 branch You collected 972 gold pieces.
You spent 900 gold pieces at shops.

Inventory:

Hand weapons
 a - a +1 dagger (weapon)
Armour
 b - a +1 robe (worn)
Scrolls
 j - a scroll of blinking
Potions
 e - a potion of curing
 g - a potion of haste
 h - 2 potions of magic
 i - a potion of berserk rage
Books
 c - a book of Maledictions

   Spells                             Type                      Level
   a - Corona                         Hexes                        1
   b - Ensorcelled Hibernation        Hexes/Ice                    2
   c - Confuse                        Hexes                        3
   d - Tukima's Dance                 Hexes                        3
   e - Dazzling Spray                 Conjuration/Hexes            3
 l - a book of Burglary

   Spells                             Type                      Level
   a - Swiftness                      Charms/Air                   2
   b - Passwall                       Transmutation/Earth          3
   c - Passage of Golubria            Translocation                4
   d - Lee's Rapid Deconstruction     Earth                        5
   e - Darkness                       Hexes                        6
   f - Invisibility                   Hexes                        6
Comestibles
 d - a bread ration
 k - a royal jelly


   Skills:
 + Level 6.4 Short Blades
 * Level 12.0 Dodging
 * Level 13.3 Stealth
 * Level 10.4 Spellcasting
 + Level 3.8 Conjurations
 + Level 8.0 Hexes
 + Level 0.0 Translocations
 + Level 0.0 Transmutations
 + Level 4.2 Ice Magic
 + Level 0.0 Earth Magic


You had 3 spell levels left.
You knew the following spells:

 Your Spells              Type           Power        Failure   Level  Hunger
a - Corona                Hex            #####..      1%          1    None
b - Ensorcelled Hibernat  Hex/Ice        ####..       1%          2    None
c - Confuse               Hex            #####...     1%          3    None
d - Tukima's Dance        Hex            #####...     1%          3    None
e - Dazzling Spray        Conj/Hex       ####....     1%          3    None
f - Passwall              Trmt/Erth      #.........   24%         3    None
g - Passage of Golubria   Tloc           N/A          82%         4    ###....
h - Lee's Rapid Deconstr  Erth           #.........   99%         5    #####..


Dungeon Overview and Level Annotations

Branches:
Dungeon (1/1)

Altars:

Shops:
D [:=:!?[!}}(!:==%

Annotations:
D exclusions: obsidian statue, oklob plant and orange crystal statue, Kirke


Innate Abilities, Weirdness & Mutations

You are tiny and cannot use many weapons and most armour.
You have supernaturally acute eyesight.
You are a herbivore.
You cover ground extremely quickly.
You need consume almost no food.


Message History

Your unstable footing causes you to fumble your attack.
You strike the helpless kraken from behind!
You impale the kraken!!
The kraken is moderately wounded.
You strike the helpless kraken from behind!
You puncture the kraken!
The kraken is moderately wounded.
Your unstable footing causes you to fumble your attack.
Your unstable footing causes you to fumble your attack.
Your unstable footing causes you to fumble your attack.
You are engulfed in a cloud of scalding steam.
You hit the kraken but do no damage.
The kraken is moderately wounded.
You hit the kraken but do no damage.
The kraken is moderately wounded.
The kraken completely misses you.
Your unstable footing causes you to fumble your attack.
The kraken bites you!!
Ouch! That really hurt!
You die...

#≈≈≈≈.##+##..#
#≈≈≈≈##...## ####
#≈≈≈≈#.##..# ..#
#≈≈####.######..##
#≈##.###'###.##..#
#≈#...##.##.#.#..#
+≈+###'.<.'###'..###
#≈#...##.##.#.#....###..
#≈##.###'###.##X@....≈≈≈
#≈≈#####.#####≈≈.§...≈#+
##%≈≈#..#..#≈§§≈≈≈§..≈#.
#+#≈##.#.##≈≈≈§§≈§§§≈#.
##.#≈≈##+##≈≈≈≈≈≈≈§≈§≈#.
§####≈≈≈≈≈≈≈≈≈≈≈§≈§≈§≈#.
§ #+++#+++#≈≈§≈≈§§≈≈#.
≈≈≈≈ ##§≈≈###≈§#.
§§≈≈≈§##≈≈# ≈≈#


You could see a kraken (confused).

Vanquished Creatures
  2 boulder beetles (D)
  2 hippogriffs (D)
  A vampire mosquito (D)
  Menkaure (D)
  4 brain worms (D)
  4 worker ants (D)
14 creatures vanquished.

Vanquished Creatures (others)
  12 tentacles (D)
  69 tentacle segments (D)
81 creatures vanquished.

Grand Total: 95 creatures vanquished

Notes
Turn   | Place    | Note
--------------------------------------------------------------
     0 | D        | Kidiri the Spriggan Enchanter began the quest for the Orb.
     0 | D        | Reached XP level 1. HP: 9/9 MP: 5/5
     1 | D        | Noticed a brain worm
     4 | D        | Noticed a boulder beetle
     4 | D        | Noticed a boulder beetle
     7 | D        | Noticed a worker ant
     7 | D        | Noticed a worker ant
    10 | D        | Noticed a hippogriff
    10 | D        | Noticed a hippogriff
    15 | D        | Noticed a worker ant
    15 | D        | Noticed a worker ant
   226 | D        | Killed a brain worm
   226 | D        | Reached skill level 6 in Dodging
   226 | D        | Reached skill level 7 in Stealth
   226 | D        | Reached skill level 5 in Spellcasting
   226 | D        | Reached XP level 2. HP: 10/13 MP: 5/9
   226 | D        | Reached XP level 3. HP: 12/16 MP: 5/10
   226 | D        | Reached XP level 4. HP: 15/21 MP: 6/12
   227 | D        | Noticed a brain worm
   233 | D        | Learned a level 2 spell: Ensorcelled Hibernation
   237 | D        | Learned a level 3 spell: Confuse
   241 | D        | Learned a level 3 spell: Tukima's Dance
   245 | D        | Learned a level 3 spell: Dazzling Spray
   318 | D        | Killed a brain worm
   318 | D        | Reached skill level 8 in Stealth
   318 | D        | Reached skill level 1 in Conjurations
   318 | D        | Reached skill level 5 in Hexes
   318 | D        | Reached skill level 1 in Ice Magic
   331 | D        | Noticed a brain worm
   331 | D        | Noticed a brain worm
   333 | D        | Killed a brain worm
   333 | D        | Reached skill level 9 in Stealth
   333 | D        | Reached XP level 5. HP: 24/24 MP: 10/15
   335 | D        | Killed a brain worm
   335 | D        | Reached skill level 10 in Stealth
   380 | D        | Killed a worker ant
   380 | D        | Reached XP level 6. HP: 28/28 MP: 13/17
   382 | D        | Killed a worker ant
   386 | D        | Killed a worker ant
   391 | D        | Killed a worker ant
   473 | D        | Killed a hippogriff
   473 | D        | Reached skill level 5 in Short Blades
   473 | D        | Reached skill level 10 in Dodging
   473 | D        | Reached skill level 11 in Stealth
   483 | D        | Killed a hippogriff
   483 | D        | Reached XP level 7. HP: 24/32 MP: 16/20
   575 | D        | Killed a boulder beetle
   575 | D        | Reached skill level 12 in Stealth
   613 | D        | Killed a boulder beetle
   613 | D        | Reached skill level 10 in Spellcasting
   613 | D        | Reached XP level 8. HP: 20/36 MP: 19/23
   751 | D        | Noticed an obsidian statue
   757 | D        | Found Wujio's Food Shop.
   758 | D        | Found Upukhloil's Jewellery Shop.
   758 | D        | Found Lewub's Book Boutique.
   758 | D        | Found Yschid's Jewellery Boutique.
   759 | D        | Noticed a vampire mosquito
   761 | D        | Killed a vampire mosquito
   761 | D        | Reached skill level 13 in Stealth
   762 | D        | Found Gawoaf's Gadget Boutique.
   762 | D        | Found Qojyar's Gadget Shop.
   770 | D        | Found Romiy's Antique Weapon Shop.
   770 | D        | Found Zuir's Distillery.
   771 | D        | Found Couhogif's Antique Armour Boutique.
   771 | D        | Found Xompu's Magic Scroll Boutique.
   772 | D        | Found Munloczu's Distillery.
   772 | D        | Noticed a soldier ant
   774 | D        | Found Tikkaik's Distillery.
   775 | D        | Found Zymuvun's Book Boutique.
   775 | D        | Found Gobb's Jewellery Shop.
   775 | D        | Noticed Menkaure
   775 | D        | Noticed a soldier ant
   775 | D        | Noticed a soldier ant
   775 | D        | Noticed an oklob plant
   776 | D        | Found Sacloikh's Book Shoppe.
   776 | D        | Found Batim's Antique Armour Boutique.
   792 | D        | Noticed an orange crystal statue
   795 | D        | Noticed Kirke
   795 | D        | Noticed a kobold demonologist
   795 | D        | Noticed a skeletal warrior
   804 | D        | Killed Menkaure
   909 | D        | Noticed a shining eye
   910 | D        | Noticed a shining eye
   910 | D        | Noticed a shining eye
   913 | D        | Noticed an unseen horror
   915 | D        | Noticed an unseen horror
   930 | D        | Bought a book of Burglary for 900 gold pieces
   934 | D        | Learned a level 3 spell: Passwall
   939 | D        | Learned a level 4 spell: Passage of Golubria
   945 | D        | Learned a level 5 spell: Lee's Rapid Deconstruction
   974 | D        | Noticed a kraken
  1330 | D        | Demolished by a kraken

Vault maps used:
D:        the_violet_keep_of_menkaure

Action                   |  1- 3 |  4- 6 |  7- 9 || total
-------------------------+-------+-------+-------++-------
Melee: Dagger            |     5 |    11 |    29 ||    45
 Cast: Corona            |     1 |       |       ||     1
       Ensorcelled Hiber |       |     7 |     5 ||    12
       Dazzling Spray    |       |       |    12 ||    12
       Confuse           |       |       |     4 ||     4
  Use: Potion            |       |       |     1 ||     1
 Stab: Sleeping          |     1 |     9 |     3 ||    13
       Invisible         |       |       |     2 ||     2
       Confused          |       |       |     4 ||     4
